AoeStats
← REAKA Rojo27

Arena

507902435Analyzed
2v2 RM · 13d ago on Sep 20, 2026· 40m 32s· 4 players
Game mode
Random Map
Map size
Medium (4 player)
Population
200
Speed
Normal
Resources
Standard
Victory
Conquest
Starting age
Dark Age
Ending age
Imperial Age
RankedLock teamsTeams togetherTeam positionsShared explorationLock speedFull tech treeHidden civsTurbo modeCheats
Victory
Defeat
🇲🇽 Bohemians · Mexico
864
+14
🇲🇾 Shu · Malaysia
840
+15
🇲🇽 Portuguese · Mexico
897
-17
🇲🇽 Franks · Mexico
745
-12
Glor. Jie
0:29 Loom
11:24 Feudal Age
12:56 Wheelbarrow
17:09 Castle Age
15:39 Double-Bit Axe
16:38 Horse Collar
18:12 Bow Saw
20:09 Hand Cart
20:37 Heavy Plow
21:23 Stone Mining
22:25 Town Watch
25:05 Town Patrol
32:10 Imperial Age
30:20 Fortified Wall
32:49 Masonry
32:35 Murder Holes
33:54 Two-Man Saw
34:11 Ballistics
34:59 Chemistry
36:35 Hoardings
36:24 Conscription
36:05 Heavy Hei Guang Cavalry
36:49 Husbandry
37:24 Thumb Ring
37:52 Padded Archer Armor
37:43 Fletching
37:19 Crossbowman
38:26 Arbalester
39:00 Pikeman
39:34 Halberdier
ericrjp71
11:33 Feudal Age
15:30 Castle Age
16:04 Double-Bit Axe
21:50 Horse Collar
24:50 Wheelbarrow
24:03 Town Watch
28:59 Fletching
32:21 Imperial Age
29:37 Loom
29:54 Town Patrol
30:17 Hand Cart
29:47 Loom
31:01 Pikeman
35:45 Chemistry
37:27 Halberdier
REAKA Kasper
13:09 Feudal Age
14:25 Loom
16:58 Castle Age
15:21 Double-Bit Axe
18:18 Wheelbarrow
21:10 Horse Collar
28:56 Imperial Age
26:52 Murder Holes
27:19 Ballistics
27:18 Heavy Plow
29:41 Pikeman
31:42 Halberdier
34:21 Conscription
36:56 Chemistry
35:38 Treadmill Crane
37:27 Light Cavalry
38:17 Bloodlines
REAKA Rojo27
2:09 Loom
12:09 Feudal Age
16:15 Castle Age
19:19 Fletching
21:47 Ballistics
22:11 Bodkin Arrow
22:52 Pikeman
25:29 Squires
25:16 Arson
30:56 Husbandry
30:22 Light Cavalry
32:36 Murder Holes
36:06 Scale Barding Armor
36:14 Forging
Connection lost

Rejoining the realm…

Still unreachable

The connection could not be restored.

Session expired

The server has moved on; the page needs a fresh start.